 Dungeon Crawl Stone Soup version 0.22-a0-298-g92d99f377c (webtiles) character file.

73 Infinimo the Sneak (level 4, 0/24 HPs)
             Began as a Kobold Enchanter on Mar 25, 2018.
             Slain by an adder (4 damage)
             ... on level 2 of the Dungeon.
             The game lasted 00:06:27 (2630 turns).

Infinimo the Sneak (Kobold Enchanter)               Turns: 2630, Time: 00:06:27

Health: 0/24       AC:  5    Str:  5    XL:     4   Next: 51%
Magic:  0/7        EV: 15    Int: 22    God:
Gold:   25         SH:  0    Dex: 15    Spells: 4/7 levels left

rFire    . . .     SeeInvis .   a - +1 dagger
rCold    . . .     Gourm    .   (shield restricted)
rNeg     . . .     Faith    .   b - +0 robe
rPois    .         Spirit   .   (no helmet)
rElec    +         Reflect  .   (no cloak)
rCorr    .         Harm     .   (no gloves)
MR       .....                  j - +0 pair of boots (curse)
Stlth    +++.......             (no amulet)
HPRegen  0.08/turn              (no ring)
MPRegen  0.10/turn              (no ring)

@: brilliant, lethally poisoned (0 -> -5)
A: small, iridescent scales 1, carnivore, electricity resistance
a: no special abilities


You were on level 2 of the Dungeon.
You were full.

You visited 1 branch of the dungeon, and saw 3 of its levels.

You collected 25 gold pieces.

Inventory:

Hand Weapons
 a - a +1 dagger (weapon)
Armour
 b - a +0 robe (worn)
 j - a cursed +0 pair of boots (worn)
Jewellery
 f - an uncursed ring of resist corrosion {unknown}
Scrolls
 c - a scroll of fog {unknown}
 e - 2 scrolls of amnesia {unknown}
 g - 2 scrolls of identify {unknown}
 i - 2 scrolls of teleportation {unknown}
Comestibles
 d - 2 rations


   Skills:
 * Level 3.6 Short Blades
 - Level 2.7 Dodging
 + Level 4.8 Stealth
 - Level 2.1 Spellcasting
 + Level 3.5 Hexes


You had 4 spell levels left.
You knew the following spells:

 Your Spells              Type           Power        Failure   Level  Hunger
a - Corona                Hex            ####...      1%          1    #......
b - Ensorcelled Hibernat  Hex/Ice        ###...       1%          2    ##.....


Dungeon Overview and Level Annotations

Branches:
Dungeon (3/15)

Altars:


Innate Abilities, Weirdness & Mutations

You are small and have problems with some larger weapons.
You are carnivorous and can eat meat at any time.
You are partially covered in iridescent scales. (AC +2)
You are resistant to electric shocks. (rElec)


Message History

The adder bites you.
* * * LOW HITPOINT WARNING * * *
You are lethally poisoned!
The adder poisons you!
Casting: Ensorcelled Hibernation (safe; 1% risk of failure)
Confirm with . or Enter, or press ? or * to list all spells.
Aiming: Ensorcelled Hibernation (safe; 1% risk of failure)
Press: ? - help, Shift-Dir - straight line, f/p - adder
Aim: an adder (chance to defeat MR: 62%)
The adder resists with significant effort.
* * * LOW HITPOINT WARNING * * *
You feel sick.
The adder is lightly wounded.
The adder is moderately wounded.
* * * LOW HITPOINT WARNING * * *
You feel sick. The adder bites you.
* * * LOW HITPOINT WARNING * * *
The adder is heavily wounded.
The adder bites you.
You die...

...................##.......#
....####......^....##.......#
##.## #.#.#.......####.#####
...# #.###.......# #.# ####
#.############ #.#
#.##.........###.#
#.##.#####.......#
#.....†.##...#####
###########.##.r@.....#
......# #.##.S#..##.# #####.#
#........##.# #####.#
####.....##.# ...##.#
##.#####.# ##.##.# #.#####.#
##.##.# #.......# ......#
######### ##.####


You could see an adder and a quokka.

Vanquished Creatures
  3 adders (D:2)
  A dart slug (D:1)
  2 leopard geckos (D:2)
  3 bats
  4 giant cockroaches
  3 goblins
  5 hobgoblins
  4 jackals
  8 kobolds
  3 frilled lizards
  3 rats
39 creatures vanquished.

Notes
Turn   | Place    | Note
-------+----------+-------------------------------------------
     0 | D:1      | Infinimo the Kobold Enchanter began the quest for the Orb.
     0 | D:1      | Reached XP level 1. HP: 10/10 MP: 3/3
    61 | D:1      | Reached XP level 2. HP: 11/15 MP: 5/5
   193 | D:1      | Learned a level 2 spell: Ensorcelled Hibernation
  1066 | D:1      | Reached XP level 3. HP: 19/19 MP: 2/6
  2120 | D:2      | Reached XP level 4. HP: 19/24 MP: 0/7
  2614 | D:2      | Gained mutation: You are partially covered in iridescent scales. (AC +2) [potion of mutation]
  2614 | D:2      | Gained mutation: You are resistant to electric shocks. (rElec) [potion of mutation]
  2630 | D:2      | Slain by an adder

Vault maps used:
D:1:      roderic_crop_circles_arrival_small, serial_park_tiny_1
D:2:      kennysheep_generic_room_3

Skill      XL: |  1  2  3 |
---------------+----------+-----
Short Blades   | 2 3 |  3.6
Dodging        | |  2.7
Stealth        | |  4.8
Spellcasting   | |  2.1
Hexes          | |  3.5

Action                   |  1- 3 |  4- 6 || total
-------------------------+-------+-------++-------
Melee: Dagger            |   113 |    22 ||   135
 Cast: Ensorcelled Hiber |    34 |    12 ||    46
  Use: Potion            |     3 |     2 ||     5
 Stab: Sleeping          |    18 |     7 ||    25
  Eat: Chunk             |    14 |       ||    14
Armor: Robe              |    23 |     6 ||    29
Dodge: Dodged            |   147 |    30 ||   177

Table legend:
 A = Spawn XP
 B = Non-spawn XP
 C = Spawn XP percentage of total XP
 D = Spawn monster count
 E = Non-spawn monster count
 F = Spawn count percentage of total count
 G = Total turns spent on level
                    A         B        C        D         E        F      G
               +---------+---------+-------+---------+---------+-------+---------
         Total |       0 |     105 |   0.0 |       0 |      39 |   0.0 |  2630
               +---------+---------+-------+---------+---------+-------+---------
           D:1 |       0 |      31 |   0.0 |       0 |      17 |   0.0 |  1488
           D:2 |       0 |      74 |   0.0 |       0 |      22 |   0.0 |  1137
               +---------+---------+-------+---------+---------+-------+---------
